 Dungeon Crawl Stone Soup version 0.29-a0-982-gaed3a0c8d8 (webtiles) character file.

Game seed: 4096993454188544430

108692 ragingrage the Unseen (level 16, -5/72 (80) HPs)
             Began as a Vine Stalker Brigand on Aug 1, 2022.
             Was a High Priest of Dithmenos.
             Slain by a pharaoh ant (7 damage)
             ... on level 1 of the Spider Nest.
             The game lasted 00:44:39 (22378 turns).

ragingrage the Unseen (Vine Stalker Brigand)       Turns: 22378, Time: 00:44:40

HP:   -5/72 (80)    AC: 22    Str: 16    XL:     16   Next: 50%
MP:   0/20          EV:  7    Int: 11    God:    Dithmenos [*****.]
Gold: 1109          SH:  0    Dex: 22    Spells: 15/15 levels left

rFire   + . .      SeeInvis +   a - +3 dagger (venom)
rCold   . . .      Faith    .   F - +0 buckler
rNeg    . . .      Spirit   +   X - +8 scale mail of Apathy {rElec Regen+ Stlth+}
rPois   +          Reflect  +   i - +2 hat of Imperfection {rPois}
rElec   +          Harm     .   S - +2 cloak of the Thief {*Fog Slay-2 SInv Stlth+}
rCorr   .          Rampage  .   (no gloves)
Will    ++...                   g - +1 pair of boots {Stlth+} Stlth ****++++++
                                U - amulet of reflection
HPRegen 1.82/turn               B - ring of protection from fire
MPRegen 0.17/turn               s - +4 ring of slaying

@: held, wreathed by umbra, studying Necromancy, heavily drained
A: fangs 3, regeneration 1, magic shield, antimagic bite, no potion heal 2
a: Renounce Religion, Shadow Step, Shadow Form


You were on level 1 of the Spider Nest.
You worshipped Dithmenos.
Dithmenos was extremely pleased with you.
You visited 4 branches of the dungeon, and saw 22 of its levels.
You also visited: Sewer, Bailey and Gauntlet.

You collected 2021 gold pieces.
You spent 912 gold pieces at shops.

Inventory:

Hand Weapons
 a - a +3 dagger of venom (weapon)
 b - the +8 short sword "Migac" {vorpal, Str+3}
   (You took it off a gnoll on level 5 of the Dungeon)

   It inflicts extra damage upon your enemies.
   Str:       It affects your strength (+3).
 L - the +5 dagger of Tachisel {flame, rF+ Int+2}
   (You found it on level 8 of the Dungeon)

   It burns those it strikes, dealing additional fire damage.
   Int:       It affects your intelligence (+2).
   rF:        It protects you from fire.
 R - the +9 heavy crossbow "Sniper" {vorpal, Acc+∞ SInv}
   (You took it off a minotaur in a Gauntlet)

   Any ammunition fired from it inflicts extra damage upon your enemies.
   Any ammunition fired from it never misses its target.
   SInv:      It lets you see invisible.
Missiles
 d - 80 poisoned darts (quivered)
 e - 3 curare-tipped darts
 f - 2 throwing nets
 P - 4 silver javelins
 W - 28 boomerangs
 Y - 6 javelins
Armour
 g - a +1 pair of boots of stealth (worn)
 i - the +2 hat of Imperfection (worn) {rPois}
   (You acquired it in a Gauntlet)

   rPois:     It protects you from poison.
 F - a +0 buckler (worn)
 S - the +2 cloak of the Thief (worn) {*Fog Slay-2 SInv Stlth+}
   (You found it in a bailey)

   It may release a thick cloud of smoke when the wearer is hurt.
   Slay:      It affects your accuracy & damage with ranged weapons and melee
   (-2).
   SInv:      It lets you see invisible.
   Stlth:     It makes you more stealthy.
 V - the +0 hat "Zimoalat" {Str+3}
   (You found it on level 10 of the Dungeon)

   Str:       It affects your strength (+3).
 X - the +8 scale mail of Apathy (worn) {rElec Regen+ Stlth+}
   (You bought it in a shop on level 10 of the Dungeon)

   rElec:     It insulates you from electricity.
   Regen:     It increases your rate of health regeneration.
   Stlth:     It makes you more stealthy.
Jewellery
 c - a ring of flight
 j - a ring of ice
 r - a ring of resist corrosion
 s - a +4 ring of slaying (right hand)
 B - a ring of protection from fire (left hand)
 K - a ring of positive energy
 U - an amulet of reflection (around neck)
Wands
 t - a wand of flame (30)
 C - a wand of paralysis (16)
 H - a wand of mindburst (18)
 N - a wand of roots (7)
 T - a wand of acid (18)
Scrolls
 o - 4 scrolls of enchant armour
 p - a scroll of teleportation
 y - 5 scrolls of enchant weapon
 D - a scroll of poison
 E - 2 scrolls of magic mapping
 J - 3 scrolls of fear
 M - 5 scrolls of butterflies
 Z - a scroll of summoning
Potions
 h - 3 potions of might
 k - 4 potions of mutation
 l - 2 potions of flight
 m - 5 potions of curing
 q - 4 potions of cancellation
 u - 3 potions of magic
 w - 2 potions of attraction
 x - 2 potions of brilliance
 z - 2 potions of resistance
 G - a potion of ambrosia
 Q - 4 potions of haste
Miscellaneous
 n - a box of beasts
 A - a phantom mirror
 O - a tin of tremorstones (inert)


   Skills:
 + Level 7.5 Fighting
 + Level 17.4 Short Blades
 - Level 6.0 Throwing
 - Level 5.0 Armour
 - Level 8.0 Dodging
 + Level 18.5 Stealth
 - Level 5.0 Shields
 - Level 5.2 Invocations
 - Level 9.0 Evocations


You had 15 spell levels left.
You didn't know any spells.
Your spell library contained the following spells:

 Spells                   Type           Power      Damage    Failure   Level
 Freeze                   Ice            0%         1d3       83%         1
 Sting                    Tmut/Pois      0%         1d3       83%         1
 Ensorcelled Hibernation  Hex/Ice        0%         N/A       93%         2
 Passwall                 Tmut/Erth      0%         N/A       93%         2
 Poisonous Vapours        Pois/Air       0%         N/A       93%         2
 Sublimation of Blood     Necr           0%         N/A       93%         2
 Call Canine Familiar     Summ           0%         N/A       99%         3
 Dazzling Flash           Conj/Hex       0%         N/A       99%         3
 Frozen Ramparts          Ice            0%         1d8       99%         3
 Gell's Gravitas          Tloc           0%         N/A       99%         3
 Ignite Poison            Fire/Tmut/Pois 0%         N/A       99%         3
 Inner Flame              Hex/Fire       0%         N/A       99%         3
 Lesser Beckoning         Tloc           0%         N/A       99%         3
 Mephitic Cloud           Conj/Pois/Air  0%         N/A       99%         3
 Ozocubu's Armour         Ice            0%         N/A       99%         3
 Portal Projectile        Hex/Tloc       0%         N/A       99%         3
 Swiftness                Air            0%         N/A       99%         3
 Teleport Other           Tloc           0%         N/A       99%         3
 Airstrike                Air            0%         0-1+      100%        4
 Cause Fear               Hex            0%         N/A       100%        4
 Hailstorm                Conj/Ice       0%         3d3       100%        4
 Iskenderun's Mystic Bla  Conj/Tloc      0%         2d3       100%        4
 Leda's Liquefaction      Hex/Erth       0%         N/A       100%        4
 Olgreb's Toxic Radiance  Pois           0%         N/A       100%        4
 Petrify                  Tmut/Erth      0%         N/A       100%        4
 Summon Lightning Spire   Summ/Air       0%         N/A       100%        4
 Agony                    Necr           0%         N/A       100%        5
 Blade Hands              Tmut           0%         N/A       100%        5
 Freezing Cloud           Conj/Ice/Air   0%         6-21      100%        5
 Irradiate                Conj/Tmut      0%         3d11      100%        5
 Lightning Bolt           Conj/Air       0%         1d11      100%        5
 Metabolic Englaciation   Hex/Ice        0%         N/A       100%        5
 Silence                  Hex/Air        0%         N/A       100%        5
 Starburst                Conj/Fire      0%         6d3       100%        6
 Statue Form              Tmut/Erth      0%         N/A       100%        6
 Dragon Form              Tmut           0%         N/A       100%        7
 Ozocubu's Refrigeration  Ice            0%         4d7       100%        7
 Discord                  Hex            0%         N/A       100%        8
 Ignition                 Fire           0%         3d3       100%        8
 Chain Lightning          Conj/Air       0%         N/A       100%        9
 Fire Storm               Conj/Fire      0%         5d1       100%        9
 Shatter                  Erth           0%         3d5*      100%        9


Dungeon Overview and Level Annotations

Branches:
Dungeon (15/15)            Temple (1/1) D:7            Lair (5/5) D:10
  Swamp (0/4) Lair:3       Spider (1/4) Lair:3        Slime (0/5) Lair:4
    Orc (0/2) D:9          Vaults (0/5) D:14         Depths (0/4) D:15
  Sewer (visited)          Bailey (visited)         Gauntlet (visited)

Altars:
Ashenzari
Cheibriados
Dithmenos
Elyvilon
Fedhas
Kikubaaqudgha
Makhleb
Nemelex Xobeh
Okawaru
Ru
Trog
Uskayaw
Vehumet
Wu Jian
Xom
Yredelemnul
Zin
The Shining One
Jiyva

Shops:
D:6 ?   D:10 [*

Annotations:
D:10 1 runed translucent door, ytrimaz's ghost, journeyman DsBe


Innate Abilities, Weirdness & Mutations

You have razor-sharp teeth.
Your natural rate of healing is unusually fast.
When hurt, damage is shared between your health and your magic reserves.
Your bite disrupts and absorbs the magic of your enemies.
Potions cannot restore your health.


Message History

Your system rejects the healing.
You feel better.
You block the jumping spider's attack. x2; The jumping spider pounces on you.
You are caught in a web!
The jumping spider bites you but does no damage.
The tarantella touches you but does no damage.
The jumping spider pounces on you. The jumping spider bites you.
The jumping spider barely misses you.
The jumping spider bites you but does no damage.
You struggle to detach yourself from the web.
The jumping spider pounces on you but does no damage.
The jumping spider bites you.
The tarantella touches you but does no damage.
The jumping spider pounces on you but does no damage.
The jumping spider bites you but does no damage.
The jumping spider pounces on you but does no damage.
The jumping spider bites you.
The pharaoh ant bites you but does no damage.
The jumping spider pounces on you!
You are even more entangled.
The jumping spider bites you but does no damage.
The tarantella touches you but does no damage.
The jumping spider leaps!
As you read the scroll of fear, it crumbles to dust.
You assume a fearsome visage.
The pharaoh ant is unaffected.
The tarantella looks frightened!
The jumping spider looks frightened! x3
The tarantella looks frightened!
The jumping spider leaps!
The pharaoh ant bites you!
* * * LOW HITPOINT WARNING * * *
With a swish of your cloak, you release a cloud of fog.
You feel drained.
The jumping spider leaps! x2
You struggle to detach yourself from the web.
The jumping spider leaps!
The pharaoh ant bites you but does no damage.
The jumping spider leaps! x2; The pharaoh ant bites you!
* * * LOW HITPOINT WARNING * * *
You feel drained.
The jumping spider leaps!
You struggle to detach yourself from the web.
The jumping spider leaps!
The pharaoh ant bites you!!
* * * LOW HITPOINT WARNING * * *
You feel drained.
You die...

.....##.......## ####>.s#
...............###......s
#.#.........##...........
#.^....#....##.......s#.. .
^......§...#.##..........
........§s§§§^....†...#....
#.....##§§§§......#..)....
.....#§§§§§.##..#....s...
##.. #§§@s§#......#.^....
#.).##§##B§...#....#.....
.#..s.°.§§§#....#.#..#...
..........s#§.....####.#...
#°....#.##........ .. #.
.##...### ...##s.# ....
.### ### ..#.. # . ..


You could see a pharaoh ant and a jumping spider.

Vanquished Creatures
  Kirke (Lair:5)
  An orc warlord (Bailey)
  A stone giant (D:15)
  A minotaur (Gauntlet)
  A dire elephant (Lair:5)
  A green death (Gauntlet)
  A yaktaur captain (D:14)
  4 vault guards (D:14)
  4 boulder beetles
  12 hydras
  3 two-headed ogres
  3 catoblepae
  A rakshasa (D:14)
  6 centaur warriors
  A radroach (Spider:1)
  5 death yaks
  A deep troll shaman (Lair:5)
  5 tengu warriors
  Urug (Lair:1)
  A pharaoh ant (Lair:3)
  8 skeletal warriors
  Amaemon (Lair:3)
  A fire crab (shapeshifter) (D:15)
  An orb spider (Spider:1)
  A deep troll (D:12)
  A deep elf archer (D:14)
  2 bog bodies (Lair:3)
  5 deep elf pyromancers
  Pikel (D:6)
  5 manticores
  4 wolf spiders
  5 ugly things
  5 cyclopes
  19 elephants
  2 rust devils (D:10)
  2 black mambas
  2 torpor snails
  Maurice (D:12)
  A gargoyle (D:14)
  An eye of devastation (Gauntlet)
  7 cane toads
  An unseen horror (shapeshifter) (D:14)
  An orange demon (Lair:3)
  5 rime drakes
  Maggie (D:8)
  A freezing wraith (D:14)
  Psyche (D:8)
  12 komodo dragons
  2 efreet
  2 trolls (D:12)
  4 polar bears
  2 hornets
  4 tarantellas (Spider:1)
  9 blink frogs
  5 slime creatures (D:14)
  2 dream sheep (Lair:4)
  A wraith (D:11)
  2 jumping spiders (Spider:1)
  3 culicivoras (Spider:1)
  A culicivora (shapeshifter) (D:14)
  2 vampires
  A hog (shapeshifter) (D:14)
  2 wyverns (Lair:4)
  3 hogs (Lair:5)
  34 yaks
  7 humans (D:14)
  8 vampire mosquitoes
  2 steam dragons
  A golden eye (Gauntlet)
  A redback simulacrum (D:14)
  17 water moccasins
  An ice beast (D:7)
  2 sky beasts
  A black bear (shapeshifter) (D:13)
  2 black bears
  11 orc warriors
  5 ogres
  14 wolves
  13 centaurs
  4 kobold brigands
  2 phantoms
  6 bullfrogs
  2 necrophages (D:4)
  2 gnoll sergeants
  4 scorpions
  9 wights
  A jelly (D:5)
  3 killer bees (D:10)
  8 howler monkeys
  8 electric eels
  A human zombie (D:4)
  6 hounds
  Crazy Yiuf (D:7)
  2 gnoll boudas
  4 orc priests
  3 iguanas
  6 orc wizards
  A boggart simulacrum (D:11)
  3 hound zombies (D:4)
  2 mummies (D:4)
  10 adders
  43 gnolls
  5 river rats (Sewer)
  2 ufetubi
  3 adder zombies (D:4)
  2 worms
  4 dart slugs
  61 orcs
  3 bats
  8 endoplasms
  6 giant cockroaches
  13 goblins
  9 hobgoblins
  15 jackals
  4 quokkas
  13 ball pythons
  9 frilled lizards
  43 kobolds
  4 rats (Sewer)
650 creatures vanquished.

Vanquished Creatures (others)
  A necromancer (Gauntlet)
  A human (D:14)
  A wolf (Gauntlet)
  10 fungi
  25 plants
38 creatures vanquished.

Grand Total: 688 creatures vanquished

Notes
Turn   | Place    | Note
-------+----------+-------------------------------------------
     0 | D:1      | ragingrage the Vine Stalker Brigand began the quest for the
                  | Orb.
     0 | D:1      | Reached XP level 1. HP: 11/11 MP: 2/2
   176 | D:1      | Reached XP level 2. HP: 16/16 MP: 3/3
   357 | D:1      | Reached skill level 5 in Stealth
   360 | D:1      | Reached XP level 3. HP: 14/19 MP: 4/4
   607 | D:1      | Found a faded altar of an unknown god.
   949 | D:2      | Identified the +7 hand axe "Rivid" {vorpal, Drain rN+
                  | Will+}
  1653 | D:3      | Gained mutation: Your natural rate of healing is unusually
                  | fast. [Vine Stalker growth]
  1653 | D:3      | Reached XP level 4. HP: 24/24 MP: 5/5
  2046 | D:3      | Reached skill level 6 in Stealth
  2181 | D:3      | Reached XP level 5. HP: 29/29 MP: 6/6
  2735 | D:4      | Noticed a phantom
  2737 | D:4      | Killed a phantom
  2738 | D:4      | Reached XP level 6. HP: 33/33 MP: 7/7
  2874 | D:4      | Reached skill level 7 in Stealth
  3226 | D:4      | Noticed a sky beast
  3247 | D:4      | Killed a sky beast
  3248 | D:4      | Reached XP level 7. HP: 32/38 MP: 8/8
  3290 | D:4      | Found an ancient bone altar of Kikubaaqudgha.
  3380 | D:4      | Reached skill level 5 in Fighting
  3453 | D:4      | Reached skill level 8 in Stealth
  3503 | D:5      | Entered Level 5 of the Dungeon
  3566 | D:5      | Found a basalt altar of Yredelemnul.
  3635 | D:5      | Gained mutation: You have razor-sharp teeth. [Vine Stalker
                  | growth]
  3635 | D:5      | Reached XP level 8. HP: 44/44 MP: 9/9
  4047 | D:5      | Found a radiant altar of Vehumet.
  4048 | D:5      | Found a shimmering altar of Xom.
  4095 | D:5      | Identified the +8 short sword "Migac" {vorpal, Str+3}
  4096 | D:5      | Found a burning altar of Makhleb.
  4140 | D:5      | Reached skill level 9 in Stealth
  4236 | D:5      | Reached skill level 5 in Short Blades
  4290 | D:5      | Found a blossoming altar of Fedhas.
  4877 | D:6      | Reached XP level 9. HP: 43/48 MP: 10/10
  4981 | D:6      | Found a broken altar of Ashenzari.
  5007 | D:6      | Found a glowing drain.
  5034 | Sewer    | Entered a sewer
  5671 | D:6      | Found a bloodstained altar of Trog.
  5925 | D:6      | Noticed Pikel
  5952 | D:6      | Killed Pikel
  5988 | D:6      | Found Cely's Magic Scroll Shoppe.
  6461 | D:6      | Found a hide-covered altar of Uskayaw.
  7072 | D:7      | Found a staircase to the Ecumenical Temple.
  7137 | Temple   | Entered the Ecumenical Temple
  7146 | Temple   | Became a worshipper of Dithmenos the Shadowed
  7281 | D:7      | Reached skill level 10 in Stealth
  7296 | D:7      | Found a runed translucent door.
  7297 | D:7      | Noticed Crazy Yiuf
  7455 | D:7      | Reached XP level 10. HP: 53/53 MP: 11/11
  7786 | D:7      | Killed Crazy Yiuf
  7855 | D:8      | Identified the +5 dagger of Tachisel {flame, rF+ Int+2}
  8009 | D:8      | Reached skill level 5 in Throwing
  8068 | D:8      | Noticed Psyche
  8080 | D:8      | Killed Psyche
  8360 | D:8      | Found a flagged portal.
  8373 | Bailey   | Entered a bailey
  8378 | Bailey   | Noticed an orc warlord
  8378 | Bailey   | Found the +2 cloak of the Thief {*Fog Slay-2 SInv Stlth+}
  8429 | Bailey   | Reached * piety under Dithmenos
  8523 | Bailey   | Found a runed translucent gate.
  8526 | Bailey   | Found a runed translucent gate.
  8528 | Bailey   | Found a runed translucent gate.
  8695 | Bailey   | Killed an orc warlord
  8696 | Bailey   | Reached skill level 11 in Stealth
  9013 | D:8      | Found a glowing silver altar of Zin.
  9076 | D:8      | Noticed Maggie
  9083 | D:8      | Killed Maggie
  9230 | D:9      | Reached ** piety under Dithmenos
  9319 | D:9      | Reached skill level 10 in Short Blades
  9445 | D:9      | Reached XP level 11. HP: 55/56 MP: 12/12
  9694 | D:9      | Found a staircase to the Orcish Mines.
  9702 | D:9      | Paralysed by a hornet for 1 turns
  9706 | D:9      | Reached skill level 12 in Stealth
  9911 | D:9      | Noticed a two-headed ogre
  9919 | D:9      | Killed a two-headed ogre
 10070 | D:10     | Entered Level 10 of the Dungeon
 10070 | D:10     | Found Reecoehu's Armour Emporium.
 10075 | D:10     | Found a staircase to the Lair.
 10078 | D:10     | Identified the +0 hat "Zimoalat" {Str+3}
 10133 | D:10     | Found a snail-covered altar of Cheibriados.
 10212 | D:10     | Reached *** piety under Dithmenos
 10401 | D:10     | Found Tyfyr's Fire Supplies.
 10433 | D:10     | Found a runed translucent door.
 10433 | D:10     | Noticed an ogre mage
 10621 | D:10     | Noticed ytrimaz's ghost (journeyman DsBe)
 11141 | D:11     | Reached skill level 13 in Stealth
 11204 | D:11     | Noticed a manticore
 11208 | D:11     | Killed a manticore
 11307 | D:11     | Identified 2 scrolls of acquirement
 11307 | D:11     | Acquired a manual of Short Blades
 11327 | D:11     | Noticed a manticore
 11330 | D:11     | Killed a manticore
 11331 | D:11     | Reached skill level 1 in Dodging
 11416 | D:11     | Noticed a manticore
 11436 | D:11     | Killed a manticore
 11437 | D:11     | Reached skill level 1 in Invocations
 11437 | D:11     | Reached skill level 1 in Evocations
 11478 | D:11     | Reached skill level 1 in Shields
 11903 | D:10     | Bought the +8 scale mail of Apathy {rElec Regen+ Stlth+}
                  | for 912 gold pieces
 12049 | D:12     | Noticed Maurice
 12055 | D:12     | Killed Maurice
 12056 | D:12     | Reached XP level 12. HP: 61/61 MP: 14/14
 12290 | D:12     | Reached **** piety under Dithmenos
 13183 | D:12     | Noticed a boulder beetle
 13199 | D:12     | Noticed a four-headed hydra
 13201 | D:12     | Killed a boulder beetle
 13205 | D:12     | Killed a four-headed hydra
 13334 | D:12     | Found the necklace of Bloodlust {*Rage Will++ Int-3 Slay+6}
 13610 | D:13     | Noticed a five-headed hydra
 13619 | D:13     | Killed a five-headed hydra
 13620 | D:13     | Reached skill level 14 in Stealth
 13620 | D:13     | Noticed a four-headed hydra
 13738 | Lair:1   | Entered Level 1 of the Lair of Beasts
 13774 | Lair:1   | Noticed Urug
 13792 | Lair:1   | Killed Urug
 14145 | Lair:1   | Noticed a catoblepas
 14150 | Lair:1   | Killed a catoblepas
 14183 | Lair:1   | Acquired a manual of Necromancy
 14446 | Lair:1   | Reached XP level 13. HP: 58/65 MP: 17/17
 14626 | Lair:2   | Reached skill level 5 in Shields
 14626 | Lair:2   | Reached skill level 5 in Invocations
 14626 | Lair:2   | Reached XP level 14. HP: 70/70 MP: 18/18
 14640 | Lair:2   | Reached skill level 15 in Stealth
 14646 | Lair:2   | Reached skill level 5 in Evocations
 14841 | Lair:2   | Reached skill level 5 in Dodging
 15502 | Lair:3   | Found a staircase to the Swamp.
 15570 | Lair:3   | Found a hole to the Spider Nest.
 15743 | Lair:3   | Noticed Amaemon
 15868 | Lair:3   | Reached skill level 16 in Stealth
 16045 | Lair:3   | Killed Amaemon
 16046 | Lair:3   | Reached skill level 15 in Short Blades
 16667 | Lair:4   | Found a staircase to the Slime Pits.
 16668 | Lair:4   | Found a viscous altar of Jiyva.
 17178 | Lair:5   | Entered Level 5 of the Lair of Beasts
 17431 | Lair:5   | Reached XP level 15. HP: 73/73 MP: 19/19
 17598 | Lair:5   | Reached ***** piety under Dithmenos
 17903 | Lair:5   | Reached skill level 1 in Armour
 18037 | Lair:5   | Reached skill level 17 in Stealth
 18088 | Lair:5   | Noticed Kirke
 18104 | Lair:5   | Killed Kirke
 19609 | D:14     | Identified the +1 robe of Impermeability {Slay+2}
 20492 | D:14     | Reached XP level 16. HP: 75/79 MP: 18/20
 20563 | D:14     | Found a gate to the Vaults.
 20679 | D:15     | Entered Level 15 of the Dungeon
 20744 | D:15     | Found a gate leading to a gauntlet.
 20748 | Gauntlet | Entered a Gauntlet
 20748 | Gauntlet | Found a transporter.
 20758 | Gauntlet | Found a transporter.
 20796 | Gauntlet | Found a transporter.
 20802 | Gauntlet | Found a transporter.
 20805 | Gauntlet | Found a runed translucent door.
 20817 | Gauntlet | Found a runed translucent door.
 20840 | Gauntlet | Found a runed translucent door.
 20868 | Gauntlet | Found a transporter.
 20868 | Gauntlet | Found a transporter.
 20870 | Gauntlet | Found a transporter.
 20965 | Gauntlet | Found a transporter.
 20968 | Gauntlet | Found a transporter.
 21033 | Gauntlet | Reached skill level 18 in Stealth
 21087 | Gauntlet | Acquired the +2 hat of Imperfection {rPois}
 21453 | D:15     | Found a glowing golden altar of the Shining One.
 21762 | D:15     | Found a staircase to the Depths.
 22046 | Spider:1 | Entered Level 1 of the Spider Nest
 22061 | Lair:3   | Reached skill level 5 in Armour
 22378 | Spider:1 | HP: 2/75 [pharaoh ant (17)]
 22378 | Spider:1 | Slain by a pharaoh ant

Illustrated notes

Levels and vault maps discovered:
D:1:      dpeg_arrival_ternary, layout_basic, shapermc_ecumenical_altar_pompeii,
          wander_ebering_terrifying_dragon_lair
D:2:      layout_basic, minmay_diced_spiral
D:3:      layout_loops_cross, minmay_box_of_dots
D:4:      layout_basic, lemuel_mausoleum_altar_kikubaaqudgha,
          minmay_misc_feat_pillars
D:5:      lemuel_castle_with_subvaults [lemuel_castle_interior_carwin_3],
          layout_basic, mainiacjoe_overflow_paths,
          chequers_temple_overflow_statue_of_worship,
          mainiacjoe_overflow_alcove_1
D:6:      layout_basic, nicolae_uskayaw_dance_studio,
          mainiacjoe_overflow_catwalk, general_overflow_altar, serial_shops,
          kennysheep_little_box, cheibrodos_sewer_entry_sluice, uniq_pikel
D:7:      layout_loops_corners, temple_hall, hex_large, uniq_crazy_yiuf_cottage
D:8:      layout_basic, lemuel_tele_altar, enter_bailey_5, chequers_mini_garden,
          uniq_psyche, uniq_maggie
D:9:      cheibrodos_iron_armory, layout_long_grid, orc_0_dummy
D:10:     layout_rooms, kennysheep_slug_shrine, lair_entry_dummy,
          ebering_ghost_inner_flame, serial_shops, shop, nicolae_shop_fire_sale
          [nicolae_sub_dead_trees]
D:11:     layout_loops_ring, special_room [special_room_orc]
D:12:     layout_basic, hellmonk_guarded_unrand_vitality_bloodlust, uniq_maurice
D:13:     layout_basic
D:14:     minmay_eight_partial_circles, layout_basic, ximxim_vaults_locker_room,
          minivault_22
D:15:     grunt_enter_depths_snipers, layout_basic, gauntlet_entry_generic,
          nicolae_tso_carved_into_rock
Temple:   nicolae_temple_bog_church
Lair:1:   layout_layer_cave, st_stairs_12, nicolae_quartered_pool_little,
          lemuel_fruit_fields, grunt_megastairs_5, uniq_urug
Lair:2:   layout_roguey, grunt_megastairs_2, lemuel_fruit_tree
Lair:3:   layout_chaotic_city, skrybe_swamp_entry_bodies,
          spider_nest_entry_rubble, uniq_amaemon
Lair:4:   layout_cave_pods, slime_entry_1, grunt_megastairs_4
Lair:5:   grunt_lair_end_beastmaster, layout_regular_city, uniq_kirke
Spider:1: layout_spider_delve

Skill      XL: |  1  2  3  4  5  6  7  8  9 10 11 12 13 14 15 16 |
---------------+-------------------------------------------------+-----
Fighting       | 2 3 4 5 6 7 |  7.5
Stealth        | 5 6 7 8 9 10 11 13 14 16 17 18 | 18.5
Short Blades   | 2 3 4 6 8 10 12 13 15 16 17 | 17.4
Throwing       | 3 4 6 |  6.0
Dodging        | 1 3 4 6 8 |  8.0
Invocations    | 1 4 5 |  5.2
Evocations     | 1 3 4 7 8 9 |  9.0
Shields        | 1 4 5 |  5.0
Armour         | 3 5 |  5.0

Action                   |  1- 3 |  4- 6 |  7- 9 | 10-12 | 13-15 | 16-18 || total
-------------------------+-------+-------+-------+-------+-------+-------++-------
Melee: Dagger            |    64 |   112 |   476 |   382 |    99 |   155 ||  1288
       Bite              |    22 |    32 |   164 |   260 |   342 |   154 ||   974
       Punch             |       |     2 |    12 |       |       |       ||    14
       Long sword        |       |       |    34 |       |       |       ||    34
       Short sword       |       |       |     6 |   288 |   639 |   154 ||  1087
       Hand axe          |       |       |       |     4 |       |       ||     4
Throw: Dart              |     3 |     2 |    16 |     5 |     1 |     4 ||    31
       Throwing net      |       |       |     1 |     2 |       |       ||     3
Invok: Shadow Step       |       |       |       |     3 |     7 |       ||    10
Evoke: Wand              |       |       |       |    12 |     3 |     2 ||    17
       Phantom mirror    |       |       |       |     1 |       |       ||     1
       Box of beasts     |       |       |       |       |     1 |       ||     1
       Tin of tremorston |       |       |       |       |       |     2 ||     2
  Use: Scroll            |       |       |     7 |    17 |    10 |     4 ||    38
       Potion            |       |       |       |     7 |     1 |     1 ||     9
 Stab: Sleeping          |    11 |     7 |    26 |    27 |    61 |     9 ||   141
       Distracted        |       |       |     1 |     6 |     4 |       ||    11
       Held in net/web   |       |       |       |     2 |       |       ||     2
       Petrifying        |       |       |       |       |     2 |       ||     2
       Petrified         |       |       |       |       |     1 |       ||     1
Armor: Robe              |    16 |    38 |   160 |    21 |       |       ||   235
       Acid dragon scale |       |       |       |    63 |       |       ||    63
       Scale mail        |       |       |       |    29 |   238 |   109 ||   376
Dodge: Dodged            |    24 |    40 |   218 |   176 |   271 |   133 ||   862
Block: Buckler           |       |       |       |    76 |   208 |   135 ||   419
       Reflection        |       |       |       |       |     3 |    12 ||    15

Table legend: (Time is in decaauts)
 A = Elapsed time spent in this place.
 B = Non-inter-level travel time spent in this place.
 C = Inter-level travel time spent in this place.
 D = Time resting spent in this place.
 E = Time spent auto-exploring this place.
 F = Levels seen in this place.
 G = Mean time per level.
                   A        B        C        D        E       F      G
               +--------+--------+--------+--------+--------+-----+--------+
         Total |  21633 |  20187 |   1446 |   1155 |  13404 |  25 |  865.3 |
       Dungeon |  15408 |  14380 |   1028 |    858 |   9788 |  15 | 1027.2 |
        Temple |     18 |      4 |     14 |      0 |      0 |   1 |   18.0 |
          Lair |   4590 |   4188 |    402 |    266 |   2830 |   5 |  918.0 |
   Spider Nest |    182 |    182 |      0 |     21 |     59 |   1 |  182.0 |
         Sewer |    760 |    760 |      0 |      0 |    561 |   1 |  760.0 |
        Bailey |    347 |    347 |      0 |      0 |    164 |   1 |  347.0 |
      Gauntlet |    325 |    325 |      0 |     10 |      0 |   1 |  325.0 |
               +--------+--------+--------+--------+--------+-----+--------+

Top non-repeatable levels by time:
    D:12: 1646 daAuts
     D:5: 1278 daAuts
     D:4: 1238 daAuts
     D:7: 1234 daAuts
    D:13: 1129 daAuts
  Lair:3: 1121 daAuts
    D:14: 1109 daAuts
     D:6: 1046 daAuts
  Lair:5: 987 daAuts
     D:8: 982 daAuts
    D:10: 949 daAuts
  Lair:1: 918 daAuts
    D:11: 891 daAuts
     D:9: 863 daAuts
  Lair:2: 844 daAuts
